 Dungeon Crawl Stone Soup version 0.27.0-1-g7a089689b8 (webtiles) character file.

Game seed: 11741350389286495063

0 Thatpatchoflichen the Sneak (level 1, -1/9 HPs)
             Began as a Vine Stalker Enchanter on Aug 7, 2021.
             Frozen to death by an endoplasm (2 damage)
             ... on level 1 of the Dungeon.
             The game lasted 00:00:21 (59 turns).

Thatpatchoflichen the Sneak (Vine Stalker Enchanter)  Turns: 59, Time: 00:00:22

Health: -1/9       AC:  2    Str: 10    XL:     1   Next: 10%
Magic:  0/4        EV: 12    Int: 15    God:
Gold:   6          SH:  0    Dex: 14    Spells: 3/4 levels left

rFire    . . .     SeeInvis .   a - +1 dagger
rCold    . . .     Faith    .   (no shield)
rNeg     . . .     Spirit   +   b - +0 robe
rPois    .         Reflect  .   (no helmet)
rElec    .         Harm     .   (no cloak)
rCorr    .         Rampage  .   (no gloves)
Will     .....                  (no boots)
Stlth    ++........             (no amulet)
HPRegen  0.03/turn              (no ring)
MPRegen  0.09/turn              (no ring)

@: no status effects
A: fangs 2, magic shield, antimagic bite, no potion heal 2
a: no special abilities


You were on level 1 of the Dungeon.
You visited 1 branch of the dungeon, and saw 1 of its levels.

You collected 6 gold pieces.

Inventory:

Hand Weapons
 a - a +1 dagger (weapon)
Armour
 b - a +0 robe (worn)


   Skills:
 + Level 0.8 Short Blades
 + Level 1.6 Dodging
 + Level 3.6 Stealth
 + Level 2.1 Spellcasting
 + Level 3.0 Hexes


You had 3 spell levels left.
You knew the following spells:

 Your Spells              Type           Power      Damage    Failure   Level
a - Corona                Hex            11%        N/A       6%          1

Your spell library contained the following spells:

 Spells                   Type           Power      Damage    Failure   Level
 Ensorcelled Hibernation  Hex/Ice        12%        N/A       19%         2
 Confusing Touch          Hex            10%        N/A       19%         3
 Tukima's Dance           Hex            10%        N/A       19%         3
 Dazzling Flash           Conj/Hex       12%        N/A       34%         3


Dungeon Overview and Level Annotations

Branches:
Dungeon (1/15)

Altars:


Innate Abilities, Weirdness & Mutations

You have extremely sharp teeth.
When hurt, damage is shared between your health and your magic reserves.
Your bite disrupts and absorbs the magic of your enemies.
Potions cannot restore your health.


Message History

Welcome, Thatpatchoflichen the Vine Stalker Enchanter.
The bosom of this dungeon contains the fabled artefact, the Orb of Zot.
Press ? for a list of commands and other information.
Found a deep dwarf skeleton.
Found a staircase leading out of the dungeon.
You see here a deep dwarf skeleton.
Found 6 gold pieces.
There is an abandoned shop here.
Found a deep dwarf skeleton.
You now have 6 gold pieces.
There is an abandoned shop here.
There is an abandoned shop here.
Found a deep dwarf skeleton.
Found a deep dwarf skeleton.
Found a deep dwarf skeleton.
There is an abandoned shop here.
You see here a deep dwarf skeleton.
Found a spear.
A frilled lizard comes into view.
A frilled lizard is nearby!
The frilled lizard hisses angrily.
An endoplasm comes into view.
The frilled lizard barely misses you.
The endoplasm quivers.
You closely miss the frilled lizard.
The endoplasm hits you but does no damage.
The frilled lizard bites you but does no damage.
You completely miss the frilled lizard. Your bite misses the frilled lizard.
The endoplasm freezes you.
You are frozen.
The frilled lizard barely misses you.
You miss the frilled lizard. The endoplasm freezes you.
You are frozen.
The frilled lizard bites you.
You hit the frilled lizard. You bite the frilled lizard.
You kill the frilled lizard!
The endoplasm hits you.
* * * LOW HITPOINT WARNING * * *
The endoplasm freezes you.
You are frozen.
You die...

##### #... #...
###..#### ###
.#..#∩∩###.### ####
...#.......∩######
.....##).#÷.............
#..J@.#.##..÷......##
#.##.##.##...........
#....##..÷....∩#...##
##......∩#....##.....
#####..#∩....##..#.#
###∩∩∩...###...∩#.## #
###..............∩#..
##...........÷....###.
##.................# .


You could see an endoplasm.

Vanquished Creatures
  A frilled lizard (D:1)
1 creature vanquished.

Notes
Turn   | Place    | Note
-------+----------+-------------------------------------------
     0 | D:1      | Thatpatchoflichen the Vine Stalker Enchanter began the
                  | quest for the Orb.
     0 | D:1      | Reached XP level 1. HP: 9/9 MP: 4/4
    59 | D:1      | Frozen to death by an endoplasm

Illustrated notes

Levels and vault maps discovered:
D:1:      amcnicky_arrival_abandoned_market, layout_rooms,
          shapermc_ecumenical_altar_mp_ritualfount, serial_shops,
          nicolae_shop_crystal

Action                   || total
-------------------------++-------
Melee: Dagger            ||     4
       Bite              ||     1
Armor: Robe              ||     2
Dodge: Dodged            ||     2
